Cogmind - Beta 11 X8 @@@ ROGUE MODE // 2021.10.22 @ 02:17:32 Player: cptwinky Result: Destroyed by as-81555 with Assembled Heavy Rifle Performance ------------- Evolutions (0) 0 Regions Visited (2) 400 Robots Destroyed (16) 80 Value Destroyed (413) 413 Prototype IDs (0) 0 Alien Tech Used (0) 0 Bonus (0) 0 TOTAL SCORE: 893 Bonus ------- None Cogmind --------- Core Integrity 0/250 Matter 300/300 Energy 160/160 System Corruption 0% Temperature Hot (204) Movement Walking (190) Ox1 Location -10/Mines Parts ------- > --- POWER (1) -------- Light Nuclear Core > --- PROPULSION (2) --- Aluminum Leg Aluminum Leg > --- UTILITY (2) ------ Heat Sink Large Storage Unit > --- WEAPON (2) ------- Beam Cannon Beam Cannon > --- INVENTORY (15) --- Light Treads Compact Wheel Transport Network Coupler Hacking Suite Tractor Beam Beam Cannon Beam Cannon Beam Cannon Beam Cannon Beam Cannon Beam Cannon Beam Cannon Datajack Mining Laser Peak State ------------ > --- POWER ------------ Light Nuclear Core > --- PROPULSION ------- Aluminum Leg Aluminum Leg > --- UTILITY ---------- Heat Sink Large Storage Unit > --- WEAPON ----------- Beam Cannon Beam Cannon > --- INVENTORY -------- Light Treads Compact Wheel Transport Network Coupler Hacking Suite Tractor Beam Beam Cannon Beam Cannon Beam Cannon Beam Cannon Beam Cannon Beam Cannon Beam Cannon Datajack Mining Laser [Rating: 10] Favorites ----------- Power Ion Engine Engine Ion Engine Power Core Light Nuclear Core Propulsion Aluminum Leg Treads Light Treads Leg Aluminum Leg Utility Heat Sink Device Heat Sink Storage Small Storage Unit Weapon Beam Cannon Energy Gun Medium Laser Energy Cannon Beam Cannon Ballistic Gun Light Assault Rifle Build | -11 -10 -10 ------- Run | Scr Mat Min Slots Evolved . | . . . Power . | . . . Propulsion . | . . . Utility . | . . . Weapon . | . . . Parts Attached 12 | . 11 1 Power 3 | . 2 1 Engine 2 | . 2 . Core 1 | . . 1 Reactor . | . . . Propulsion 4 | . 4 . Treads 2 | . 2 . Leg 2 | . 2 . Wheel . | . . . Hover . | . . . Flight . | . . . Utility 2 | . 2 . Device 1 | . 1 . Storage 1 | . 1 . Processor . | . . . Hackware . | . . . Protection . | . . . Artifact . | . . . Weapon 3 | . 3 . Energy Gun . | . . . Energy Cannon 2 | . 2 . Ballistic Gun 1 | . 1 . Ballistic Cannon . | . . . Launcher . | . . . Special Weapon . | . . . Impact Weapon . | . . . Slashing Weapon . | . . . Piercing Weapon . | . . . Special Melee Weapon . | . . . Unidentified Prototypes . | . . . Parts Lost 4 | . 3 1 Power 2 | . 1 1 Propulsion 1 | . 1 . Utility . | . . . Weapon 1 | . 1 . Highest Loss Streak 1 | . 1 1 Average Slot Usage (%) 95 | . 93 99 Engine 12 | . 14 10 Core 1 | . . 3 Treads 9 | . 15 . Leg 18 | . 12 28 Device 10 | . 7 14 Storage 14 | . 14 14 Energy Gun 6 | . 10 . Energy Cannon 15 | . 6 28 Ballistic Gun 6 | . 11 . Naked Turns . | . . . Heaviest Build 32 | 12 32 32 Greatest Support 40 | 20 40 20 Greatest Overweight (x) 1 | . 1 1 Average Overweight (x) . | . . 1 Largest Inventory Capacity 15 | 8 15 15 Average Capacity 11 | 8 8 15 Most Carried 15 | 6 14 15 Average Carried 10 | 6 7 14 Final Capacity 15 | 8 15 15 Final Carried 14 | 6 14 14 Class Distribution -------------------- 100% | Mutant Dominant Class ---------------- Mutant | -10/Materials Mutant | -10/Mines Resources | -11 -10 -10 ----------- Run | Scr Mat Min Matter Collected 404 | 200 194 10 Remotely . | . . . Salvage Created 577 | . 507 70 Parts 37 | . 32 5 Haulers Intercepted 1 | . 1 . Recyclers Shooed . | . . . Parts Field Recycled . | . . . Retrieved Matter . | . . . Parts Self-Destructed . | . . . Prevented . | . . . Kills | -11 -10 -10 ------- Run | Scr Mat Min Combat Hostiles Destroyed 13 | . 12 1 Guns 12 | . 12 . Cannons 1 | . . 1 Classes Destroyed 7 | . 5 2 Builder 1 | . 1 . Hauler 1 | . 1 . Recycler 1 | . . 1 Operator 1 | . 1 . Swarmer 1 | . 1 . Grunt 11 | . 11 . Assembled 1 | . . 1 Best Kill Streak 5 | . 5 2 Combat Bots Only 4 | . 4 1 Max Kills in Single Turn 2 | . 2 1 Gunslinging . | . . . Exploded . | . . . Melee . | . . . Uniques/NPCs Destroyed . | . . . Combat | -11 -10 -10 -------- Run | Scr Mat Min Damage Taken 1081 | . 593 488 Core 250 | . 75 175 Absorbed by Shields . | . . . Core Remaining (%) 100 | 100 . . Volleys Fired 72 | . 58 14 Largest 2 | . 2 2 Hottest 120 | . 120 120 Shots Fired 142 | . 114 28 Gun 108 | . 108 . Cannon 34 | . 6 28 Launcher . | . . . Special . | . . . Kinetic 55 | . 55 . Thermal 87 | . 59 28 Explosive . | . . . Electromagnetic . | . . . Robot Hit Streak 12 | . 12 3 Robot Miss Streak 4 | . 3 4 Penetration Max . | . . . Secondary Targets 3 | . 3 . Max Gunslinging Chain 1 | . 1 . Shots Hit Robots 89 | . 80 9 Core Hits 31 | . 28 3 Critical Kills . | . . . Critical Parts Destroyed . | . . . Critical Strikes 8 | . 8 . Burn 8 | . 8 . Melee Attacks . | . . . Impact . | . . . Slashing . | . . . Piercing . | . . . Sneak Attacks . | . . . Combat Hostiles . | . . . Follow-up Attacks . | . . . Damage Inflicted 1088 | . 933 155 Guns 862 | . 862 . Cannons 226 | . 71 155 Explosions . | . . . Melee . | . . . Ramming . | . . . Kinetic 412 | . 412 . Thermal 676 | . 521 155 Explosive . | . . . Electromagnetic . | . . . Impact . | . . . Slashing . | . . . Piercing . | . . . Highest Corruption . | . . . Average Corruption . | . . . Corruption Purged . | . . . Overload Shots . | . . . Overflow Damage 12 | . . 12 Projectiles 12 | . . 12 Explosions . | . . . Melee . | . . . Knockbacks . | . . . Impact . | . . . Kinetic . | . . . Secondary . | . . . Self-Inflicted Damage . | . . . Shots . | . . . Rammed . | . . . Targets Rammed . | . . . Kicked . | . . . Crushed . | . . . Highest Temperature 260 | . 174 260 Average Temperature 68 | . 49 121 Received Heat Transfer 404 | . 264 140 Effects 3 | . . 3 Interference 3 | . . 3 Siege Activations . | . . . Robots Corrupted . | . . . Combat Hostiles . | . . . Parts Fried . | . . . Impact Corruptions . | . . . Robots Melted . | . . . Combat Hostiles . | . . . Parts Melted 3 | . 3 . Heat Transferred 2405 | . 2072 333 Parts Sabotaged . | . . . Parts Stolen . | . . . Parts Stripped . | . . . Power Chain Reactions . | . . . Missiles Intercepted . | . . . Alert | -11 -10 -10 ------- Run | Scr Mat Min Peak Influence 375 | . 375 81 Initial 81 | . . 81 Average 130 | . 168 77 Maximum Alert Level 1 | . 1 . Low Security (%) 79 | 100 65 100 Level 1 20 | . 34 . Level 2 . | . . . Level 3 . | . . . Level 4 . | . . . Level 5 . | . . . High Security . | . . . Max Security . | . . . Squads Dispatched 6 | . 6 . Investigation 3 | . 3 . Extermination . | . . . Reinforcement 3 | . 3 . Assault . | . . . Garrison . | . . . Intercept . | . . . Construction Impeded . | . . . Haulers Reinforced . | . . . Active Scanning Responses . | . . . Cargo Convoy Interrupts . | . . . Stealth | -11 -10 -10 --------- Run | Scr Mat Min Distress Signals . | . . . Communications Jammed . | . . . Distress Signals . | . . . Times Spotted 44 | . 24 20 Peak Tracking Total 22 | . 5 22 Tactical Retreats 2 | . 1 1 Traps | -11 -10 -10 ------- Run | Scr Mat Min Traps Triggered 1 | . 1 . Indirectly . | . . . Trap Hack Attempts . | . . . Triggered . | . . . Disarmed . | . . . Reprogrammed . | . . . Reused . | . . . Traps Extracted . | . . . Installed . | . . . Triggered . | . . . Machines | -11 -10 -10 ---------- Run | Scr Mat Min Machines Disabled . | . . . Max in Single Turn . | . . . Machines Sabotaged . | . . . Garrisons Compromised . | . . . Overloaded Fab Kills . | . . . Hacking | -11 -10 -10 --------- Run | Scr Mat Min Machines Accessed 5 | . 5 . Terminals 3 | . 3 . Fabricators . | . . . Repair Stations 1 | . 1 . Recycling Units 1 | . 1 . Scanalyzers . | . . . Garrison Access . | . . . Total Hacks 17 | . 17 . Successful 5 | . 5 . Failed 11 | . 11 . Catastrophic 1 | . 1 . Database Lockouts 1 | . 1 . Manual 13 | . 13 . Terminals 12 | . 12 . Fabricators . | . . . Repair Stations 3 | . 3 . Recycling Units 2 | . 2 . Scanalyzers . | . . . Garrison Access . | . . . Terminal Hacks 2 | . 2 . Robot Analysis 2 | . 2 . Fabricator Hacks . | . . . Repair Station Hacks 1 | . 1 . Scan Component 1 | . 1 . Recycling Unit Hacks 1 | . 1 . Retrieve Components 1 | . 1 . Scanalyzer . | . . . Garrison Access Hacks . | . . . Unauthorized Hacks 1 | . 1 . Terminals . | . . . Fabricators . | . . . Repair Stations . | . . . Recycling Units 1 | . 1 . Tunnel 1 | . 1 . Scanalyzers . | . . . Garrison Access . | . . . Data Cores Recovered . | . . . Used . | . . . Hacking Detections 4 | . 4 . Full Trace Events 2 | . 2 . Feedback Events . | . . . Feedback Blocked . | . . . Robot Schematics Acquired . | . . . Robots Built . | . . . Authchips . | . . . Time . | . . . Total Robot Build Rating . | . . . Part Schematics Acquired . | . . . Parts Built . | . . . Authchips . | . . . Time . | . . . Total Part Build Rating . | . . . Parts Repaired . | . . . Time . | . . . Parts Recycled . | . . . Recycled Matter . | . . . Retrieved Matter . | . . . Retrieved Components 10 | . 10 . Parts Scanalyzed . | . . . Part Schematics Acquired . | . . . Parts Damaged . | . . . Bothacking | -11 -10 -10 ------------ Run | Scr Mat Min Used RIF Installer . | . . . Robots Hacked . | . . . Non-combat . | . . . Combat . | . . . Robot Hacks Applied . | . . . Relay Couplers Released . | . . . Robots Rewired . | . . . Allies Hacked . | . . . Hacks Repelled . | . . . Allies | -11 -10 -10 -------- Run | Scr Mat Min Total Allies . | . . . Largest Group . | . . . Highest-Rated Group . | . . . Highest-Rated Ally . | . . . Total Orders . | . . . Ally Attacks . | . . . Total Damage . | . . . Kills . | . . . Allies Corrupted . | . . . Allies Melted . | . . . Intel | -11 -10 -10 ------- Run | Scr Mat Min Robot Analysis Total 2 | . 2 . Derelict Logs Recovered . | . . . Drone Launches . | . . . Drone Recoveries . | . . . Exploration | -11 -10 -10 ------------- Run | Scr Mat Min Turns Passed 988 | 2 580 406 Spaces Moved 416 | 2 236 178 Core . | . . . Treads 108 | . 108 . Legs 308 | 2 128 178 Wheels . | . . . Hover . | . . . Flight . | . . . Fastest Speed 120 | 120 120 190 Average Speed 164 | 120 145 190 Slowest Speed 190 | 120 190 190 Overloaded Moves . | . . . Propulsion Burnouts . | . . . Robots Hopped . | . . . Cave-ins Triggered . | . . . Exploration Rate (%) 29 | 1 52 36 Regions Visited 2 Branch Regions 1 Pre-discovered Areas 2 | . 1 1 Known Exits Taken . | . . . Unknown Exits Taken 2 | 1 1 . Scrap Searched . | . . . Spaces Dug . | . . . Terrain Destroyed . | . . . Melee . | . . . Projectile . | . . . AOE . | . . . Terrain Rammed . | . . . Walls Destroyed . | . . . Machines Disabled . | . . . Actions | -11 -10 -10 --------- Run | Scr Mat Min Total 587 | 1 368 218 Wait 65 | . 41 24 Move 414 | 1 235 178 Hop . | . . . Pick Up 15 | . 14 1 Fast Attach 3 | . 3 . Attach 4 | . 3 1 Detach 2 | . 2 . Swap 5 | . 5 . Drop 7 | . 7 . Fire 72 | . 58 14 Melee . | . . . Ram . | . . . Kick . | . . . Crush . | . . . Escape Stasis . | . . . Rewire . | . . . Trap . | . . . Miscellaneous . | . . . Route ------- -11/Scrapyard -10/Materials (discovered 2 exits: [*Mat] / [*Min]) -10/Mines (discovered 1 exit: [*Mat]) History --------- Turn | Location | Event 1 | -11/Scrapyard | Discovered new exit (range 1) 3 | -11/Scrapyard | Entered Materials 312 | -10/Materials | Build established: Mutant 353 | -10/Materials | Discovered new exit (range 10) 510 | -10/Materials | Discovered new exit (range 11) 514 | -10/Materials | Central database locked down 583 | -10/Materials | Entered Mines 584 | -10/Mines | Learned location of Storage (-9) 604 | -10/Mines | Met a Derelict bent on vengeance 794 | -10/Mines | Discovered new exit (range 12) 862 | -10/Mines | Assembled infested the area 866 | -10/Mines | Core integrity fell below 50% 867 | -10/Mines | Assisted by a Guerilla fighting off Assembled 978 | -10/Mines | Core integrity fell below 20% 989 | -10/Mines | Destroyed by as-81555 with Assembled Heavy Rifle Last Messages --------------- 00968_ The unstable cave ceiling collapses. 00968_ U-05 Engineer lays Concrete. 00970_ K-01 Serf collects debris. 00970_ U-05 Engineer lays Concrete. 00974_ The unstable cave ceiling collapses. 00974_ U-05 Engineer lays Concrete. 00974_ K-01 Serf collects debris. 00975_ U-05 Engineer builds a Wall. 00978_ K-01 Serf collects debris. 00979_ U-05 Engineer lays Concrete. 00982_ K-01 Serf collects debris. 00982_ U-05 Engineer lays Concrete. 00986_ K-01 Serf collects debris. 00986_ U-05 Engineer lays Concrete. 00987_ R-06 Scavenger collects Com. Wheel. 00987_ Destroyed Asb. Hover Unit. 00987_ U-05 Engineer lays Concrete. 00988_ U-05 Engineer builds a Wall. 00988_ K-01 Serf collects debris. 00989_ U-05 Engineer builds a Wall. Map ----- +----------------------------------------------------+ | | | | | | | ????????????????????????????????????????????? | | ????????????????????????????????????????????? | | ????????????????????????????????????????????? | | ????????????????????????????????????????????? | | ????????????????????????????????????????????? | | ????????????????????????????????????????????? | | ?????????????????????#####??????????????????? | | ????????????????????## #??????????????????? | | ????????????????????# ##?????????????????? | | ???????????????????## #?????????????????? | | ???????????????????# #?????????????????? | | ???????????????????# ##?????????????????? | | ???????????????????# #??????????????????? | | ??????????????????## ##?####?????????????? | | ??????????????????# #### ##????????????? | | ??????????????????# ## #????????????? | | ??????????????????## k < #????????????? | | ???????????????????#### #????????????? | | ??????????????????????## % ##????????????? | | ?????????????????????### r #?????????????? | | ????????????????????### % #?????????????? | | ????????????????????# #!%u ##?????????????? | | ???????????????????## !@ ###??????????????? | | ???????????????????# ## # #???????????????? | | ??????????????????# *%%u # ###########?????? | | ????????????????# #! ##????? | | ????????????#???# ## #????? | | ????? ## # #% ##### #????? | | ????? =%% # = ###???# ##????? | | ????? % %%] ##????## ###?????? | | ?????? ## % ##?????# ##???????? | | ????????????## * #?##### #????????? | | ?????????????# [%=! ##?# #????????? | | ?????????????# ! #% #### #######??????? | | ????????????# ##= ## #?## ##?????? | | ???????????# ##?# a# #?# #?????? | | ???????????# #???#% # ### ##?????? | | ???????????# ##????# %# #??????? | | ???????????## #??????# #??????? | | ????????????###???????##### #??????? | | ??????????????????????????###### ##?????? | | ???????????????????????????????### ###???? | | ?????????????????????????????????## #???? | | ?????????????????????????????????## #???? | | ????????????????????????????###??# #???? | | ???????????????????????????## ##?# ##???? | | ???????????????????????????# #?# ##????? | +----------------------------------------------------+ Best States ------------- Heat Dissipation 35 Energy Generation 14 Energy Capacity 250 Matter Stores 300 Matter Capacity 300 Sight Range 16 Terrain Scan Density 10 Evasion (%) 55 Recoil Reduction 2 Item Schematics ----------------- None Robot Schematics ------------------ None Fabricated ------------ Nothing Alien Tech Used ----------------- None Achievements -------------- None Challenges ------------ None Game ------ Seed GravitonArmorScanner Manual? 0 Play Time 00:07:43 Cumulative 961.6 hours Start 2021.10.22 @ 02:11:51 End 2021.10.22 @ 02:17:32 Sessions 1 Manual Loads 0 Difficulty Rogue Special Mode None Game No. 661 Rogue 657 Adventurer 4 Explorer 0 Win Type - Total 102 Types 78/9/6/4/2/0/0/2/1 Lore% 93 Gallery% 96 Achievement% 96 Wizard Run 0 Options --------- ASCII 0 Keyboard 1 Movement Vi Keybinds 0 Fullscreen 0 Font 16/Terminus Map View 76x50 Tactical HUD 1 Map Filters NONE Filters NONE Steam 1 RUN: bb4d340a-857e-4f35-bec2-6d7196902356